 Dungeon Crawl Stone Soup version 0.23.1 (webtiles) character file.

Game seed: 12190571477288675945

78 Borgoz the Sneak (level 4, 0/35 HPs)
             Began as a Ghoul Enchanter on Mar 14, 2019.
             Slain by Sigmund
             ... wielding a +0 scythe
              (9 damage)
             ... on level 2 of the Dungeon.
             The game lasted 00:03:31 (1689 turns).

Borgoz the Sneak (Ghoul Enchanter)                  Turns: 1689, Time: 00:03:31

Health: 0/35       AC:  5    Str: 11    XL:     4   Next: 36%
Magic:  5/5        EV: 12    Int: 10    God:
Gold:   84         SH:  0    Dex: 10    Spells: 3/6 levels left

rFire    . . .     SeeInvis .   a - +1 dagger
rCold    + . .     Gourm    .   (no shield)
rNeg     + + +     Faith    .   b - +0 robe
rPois    ∞         Spirit   .   (no helmet)
rElec    .         Reflect  .   i - +0 cloak
rCorr    .         Harm     .   (no gloves)
MR       .....                  e - +1 pair of boots
Stlth    ++........             (no amulet)
HPRegen  0.00/turn              (no ring)
MPRegen  0.09/turn              (no ring)

@: rotting
A: rotting body, claws 1, carnivore, cold resistance 1, negative energy
resistance 3, inhibited regeneration, torment resistance, unbreathing
a: no special abilities


You were on level 2 of the Dungeon.
You were not hungry.

You visited 1 branch of the dungeon, and saw 2 of its levels.

You collected 84 gold pieces.

Inventory:

Hand Weapons
 a - a +1 dagger (weapon)
Armour
 b - a +0 robe (worn)
 e - a +1 pair of boots (worn)
 i - a +0 cloak (worn)
Scrolls
 g - a scroll of identify
Potions
 f - a potion of agility
 h - a potion of magic
Comestibles
 c - 4 chunks of flesh
 d - 3 rations


   Skills:
 + Level 1.1 Fighting
 * Level 1.8 Short Blades
 * Level 2.4 Dodging
 + Level 3.7 Stealth
 + Level 1.9 Spellcasting
 + Level 2.9 Hexes


You had 3 spell levels left.
You knew the following spells:

 Your Spells              Type           Power        Failure   Level  Hunger
a - Corona                Hex            #......      10%         1    ##.....
b - Ensorcelled Hibernat  Hex/Ice        #.....       26%         2    ###....

Your spell library contained the following spells:

 Spells                   Type           Power        Failure   Level  Hunger
 Confuse                  Hex            #.......     28%         3    ####...
 Tukima's Dance           Hex            #.......     28%         3    ####...
 Dazzling Spray           Conj/Hex       #.....       45%         3    ####...


Dungeon Overview and Level Annotations

Branches:
Dungeon (2/15)

Altars:

Annotations:
D:2 Sigmund


Innate Abilities, Weirdness & Mutations

Your body is rotting away.
You thrive on raw meat.
You are immune to poison.
You have sharp fingernails.
You are carnivorous and can eat meat at any time.
Your flesh is cold resistant. (rC+)
You are immune to negative energy. (rN+++)
You do not regenerate when monsters are visible.
You are immune to unholy pain and torment.
You can survive without breathing.


Message History

* * * LOW HITPOINT WARNING * * *
Eat one of 8 chunks of flesh? (ye/n/q)
You eat one of the 8 chunks of flesh.
This raw flesh tastes great!
The adder closely misses you. The adder bites you but does no damage.
Sigmund gestures wildly while chanting.
Sigmund flickers and vanishes!
Deactivating autopickup; reactivate with Ctrl-A.
Eat one of 7 chunks of flesh? (ye/n/q)
You eat one of the 7 chunks of flesh.
This raw flesh tastes great!
The adder bites you. Something hits you!
* * * LOW HITPOINT WARNING * * *
Eat one of 6 chunks of flesh? (ye/n/q)
You eat one of the 6 chunks of flesh.
This raw flesh tastes great!
The adder barely misses you.
Eat one of 5 chunks of flesh? (ye/n/q)
You eat one of the 5 chunks of flesh.
This raw flesh tastes great!
The adder bites you.
* * * LOW HITPOINT WARNING * * *
Something hits you!
You die...

.. ## .# ...
#.# .... #.#
..... #.#
......####.#
.....{S@...#
......###..#
...(. ###.(#
#...
#....####
#..
#.#.###.# #.
#.#)###.# #
# #.#.#.#
#.#.#.# #
#.....#


You could see an adder.

Vanquished Creatures
  3 adders (D:2)
  3 dart slugs (D:1)
  2 leopard geckos
  A giant cockroach (D:2)
  3 goblins
  4 hobgoblins
  6 jackals
  5 kobolds
  A quokka (D:2)
  A ball python (D:1)
  5 bats
  A frilled lizard (D:1)
  7 rats
42 creatures vanquished.

Notes
Turn   | Place    | Note
-------+----------+-------------------------------------------
     0 | D:1      | Borgoz the Ghoul Enchanter began the quest for the Orb.
     0 | D:1      | Reached XP level 1. HP: 14/14 MP: 2/2
   335 | D:1      | Reached XP level 2. HP: 8/20 MP: 1/3
   439 | D:1      | Learned a level 2 spell: Ensorcelled Hibernation
   589 | D:1      | Reached skill level 1 in Short Blades
   679 | D:1      | Reached XP level 3. HP: 18/26 MP: 1/4
  1596 | D:2      | Reached skill level 1 in Fighting
  1596 | D:2      | Reached XP level 4. HP: 32/35 MP: 5/5
  1674 | D:2      | Noticed Sigmund
  1687 | D:2      | HP: 1/35 [something (14)]
  1689 | D:2      | Slain by Sigmund

Skill      XL: |  1  2  3 |
---------------+----------+-----
Short Blades   | 1 |  1.8
Dodging        | 2 |  2.4
Fighting       | 1 |  1.1
Stealth        | |  3.7
Spellcasting   | |  1.9
Hexes          | |  2.9

Action                   |  1- 3 |  4- 6 || total
-------------------------+-------+-------++-------
Melee: Dagger            |   166 |    35 ||   201
 Cast: Corona            |     4 |       ||     4
       Ensorcelled Hiber |     2 |     1 ||     3
  Use: Scroll            |     5 |     1 ||     6
       Potion            |     1 |       ||     1
 Stab: Sleeping          |     8 |     1 ||     9
  Eat: Chunk             |    11 |     7 ||    18
Armor: Robe              |    43 |    11 ||    54
Dodge: Dodged            |   129 |    25 ||   154
